 Dungeon Crawl Stone Soup version 0.30.0-29-ga12c61a403 (webtiles) character file.

Game seed: 5317203003786289463

21 qw the Shield-Bearer (level 2, 0/19 HPs)
             Began as a Gargoyle Fighter on June 6, 2023.
             Killed from afar by Natasha (3 damage)
             ... with a magic dart
             ... on level 2 of the Dungeon.
             The game lasted 00:00:22 (983 turns).

qw the Shield-Bearer (Gargoyle Fighter)              Turns: 983, Time: 00:00:23

Health: 0/19       AC: 11    Str: 19    XL:     2   Next: 83%
Magic:  2/2        EV:  7    Int:  8    God:
Gold:   79         SH:  4    Dex:  9    Spells: 1/1 levels left

rFire   . . .        a - +0 war axe
rCold   . . .        c - +0 buckler
rNeg    + . .        f - +0 chain mail
rPois   inf          (no helmet)
rElec   +            (no cloak)
rCorr   +            (no gloves)
SInv    .            (no boots)
Will    .....        (no amulet) Stlth
                     g - ring of resist corrosion
HPRegen 0.23/turn    (no ring)
MPRegen 0.08/turn

%: no passive effects
@: no status effects
A: sickness immunity, AC +2, negative energy resistance 1, electricity
resistance, torment resistance 1, petrification resistance
a: no special abilities


You were on level 2 of the Dungeon.
You visited 1 branch of the dungeon, and saw 2 of its levels.

You collected 79 gold pieces.


Innate Abilities, Weirdness & Mutations

You are immune to sickness and miasma.
Your stone body is resilient. (AC +2)
You are immune to poison.
You resist negative energy. (rN+)
You are resistant to electric shocks. (rElec)
You are resistant to unholy torment.
You are immune to petrification.


   Skills:
 - Level 3.2 Fighting
 + Level 3.0 Axes
 - Level 3.2 Armour
 - Level 3.2 Shields


You had one spell level left.
You didn't know any spells.
Your spell library was empty.

Inventory:

Hand Weapons
 a - a +0 war axe (weapon)
 e - a +0 whip
Armour
 c - a +0 buckler (worn)
 f - a +0 chain mail (worn)
Jewellery
 g - a ring of resist corrosion (left hand)
Scrolls
 b - a scroll of amnesia {unknown}
Potions
 d - a potion of might

Dungeon Overview and Level Annotations

Branches:
Dungeon (2/15)

Altars:

Annotations:
D:2 Natasha


Message History

Enter note: Done exploring.
910 ||| UPGRADING to +0 chain mail.
You start removing your armour.
You continue taking off your +0 scale mail. x4
You finish taking off your +0 scale mail.
You start putting on your armour.
You continue putting on your +0 chain mail. x5
You finish putting on your +0 chain mail.
920 ||| DROPPING +0 scale mail.
You drop a +0 scale mail.
Done exploring.
921 ||| UPGRADING to ring of resist corrosion.
g - a ring of resist corrosion (left hand) Done exploring.
(D) Dungeon
Where to? (* - list waypoints, ? - help)
What level of the Dungeon? (default 1, ? - help)
There is an open door here.
There is an open door here.
There is a stone staircase leading down here.
You climb downwards.
There is a stone staircase leading up here.
Waypoint 1 assigned to D:2.
There is a stone staircase leading up here.
b - a scroll labelled PYORED QYCASK
Found a stone staircase leading down.
Natasha, Servant of Life and Death comes into view.
Found a sedimented sapphire potion.
There is a stone staircase leading down here.
Natasha claws you.
You hit Natasha but do no damage. Natasha claws you. x2
You barely miss Natasha. Natasha claws you but does no damage.
You closely miss Natasha. Natasha claws you!
You closely miss Natasha.
Natasha stares at you and mumbles some strange words.
The magic dart hits you.
You die...

. ## ##. #. ...
#####. ##.#
#.....##...#
#.!...#..#
+....h@>#
#.!...#.#
#.....#.#
#.....#.#
#####.#.# #.#.#
..#.#
########.#######
#...#...........


You could see Natasha.

Vanquished Creatures
  A bat (D:1)
  3 endoplasms (D:1)
  3 giant cockroaches (D:1)
  A goblin (D:1)
  3 hobgoblins (D:1)
  2 kobolds (D:1)
  3 ball pythons (D:1)
  A frilled lizard (D:1)
17 creatures vanquished.

Notes
Turn   | Place    | Note
-------+----------+-------------------------------------------
     0 | D:1      | qw the Gargoyle Fighter began the quest for the Orb.
     0 | D:1      | Reached XP level 1. HP: 14/14 MP: 1/1
     0 | D:1      | 0 ||| qw: Version: 0.2-a-108-gee2c290
     0 | D:1      | 0 ||| qw: Game counter: 1515
     0 | D:1      | 0 ||| qw: Always use a shield: true
     0 | D:1      | 0 ||| qw: God list: Okawaru
     0 | D:1      | 0 ||| qw: Allow faded altars: false
     0 | D:1      | 0 ||| qw: Do Orc after D:15 true
     0 | D:1      | 0 ||| qw: Do second Lair branch before Depths: true
     0 | D:1      | 0 ||| qw: Lair rune preference: random
     0 | D:1      | 0 ||| qw: Plans: Normal, Zot:1-4, Slime:5, God:TSO, Crypt,
                  | Tomb, Abyss, Pan, Hells, Win
     0 | D:1      | 0 ||| PLANNING D:1-11
   157 | D:1      | Reached XP level 2. HP: 18/19 MP: 2/2
   780 | D:1      | Reached skill level 3 in Axes
   910 | D:1      | 910 ||| UPGRADING to +0 chain mail.
   920 | D:1      | 920 ||| DROPPING +0 scale mail.
   921 | D:1      | 921 ||| UPGRADING to ring of resist corrosion.
   978 | D:2      | Noticed Natasha
   982 | D:2      | HP: 3/19 [Natasha (7)]
   983 | D:2      | Killed from afar by Natasha

Levels and vault maps discovered:
D:1:      minmay_arrival_jagged, layout_loops_corners, minmay_tripent
D:2:      layout_basic, dreamdust_ecumenical_altar_grove, uniq_natasha,
          uniq_robin

Skill      XL: |  1  2 |
---------------+-------+-----
Axes           | 2 3 |  3.0
Fighting       | |  3.2
Armour         | |  3.2
Shields        | |  3.2

Action                     || total
---------------------------++-------
  Melee: War axe           ||    68
 Armour: Scale mail        ||    30
         Chain mail        ||     1
  Dodge: Dodged            ||    25
  Block: Buckler           ||    10

Table legend:
 A = Non-vault XP
 B = Vault XP
 C = Vault XP percentage of total XP
 D = Non-vault monster count
 E = Vault monster count
 F = Vault count percentage of total count
                 A         B        C        D         E       F
            +---------+---------+-------+---------+---------+-------
      Total |      26 |       4 |  13.3 |      15 |       2 |  11.8
            +---------+---------+-------+---------+---------+-------
        D:1 |      26 |       4 |  13.3 |      15 |       2 |  11.8
            +---------+---------+-------+---------+---------+-------
